| TOP OF THE 1ST |
|
Chicago Cubs batting - Pitching for Philadelphia Phillies : RHP David LaBounty
|
|
Pitching: RHP David LaBounty
|
|
|
Batting: SHB Zory Larikov
|
0-0: Ball 1-0: Fly out, F7 (Flyball, 78S, EV 95.6 MPH)
|
|
Batting: RHB Steve Bartman Jr.
|
0-0: Called Strike 0-1: Called Strike 0-2: Foul Ball, location: 2F 0-2: Foul Ball, location: 2F 0-2: Ground out 5-3 (Groundball, 56, EV 103.8 MPH)
|
|
Batting: SHB Karl Starnes
|
0-0: Ball 1-0: SINGLE (Line Drive, 56D, EV 94.4 MPH)
|
|
Batting: LHB Kevin Norton
|
0-0: Ball 1-0: Ball 2-0: Ball 3-0: Foul Ball, location: 2F 3-1: Called Strike 3-2: 2-RUN HOME RUN (Flyball, 9D, EV 100.6 MPH), Distance : 376 ft
|
|
Batting: SHB Moe Lester
|
0-0: Fly out, F8 (Line Drive, 8RD, EV 93.1 MPH)
|
| Top of the 1st over - 2 runs, 2 hits, 0 errors, 0 left on base; Chicago 2 - Philadelphia 0 |
| BOTTOM OF THE 1ST |
|
Philadelphia Phillies batting - Pitching for Chicago Cubs : RHP Edwin Rivera
|
|
Pitching: RHP Edwin Rivera
|
|
|
Batting: LHB Nick Canizales
|
0-0: Ball 1-0: Ball 2-0: Called Strike 2-1: Ball 3-1: Fly out, F8 (Flyball, 78S, EV 87.5 MPH)
|
|
Batting: LHB Cody Schumacher
|
0-0: Called Strike 0-1: Foul Ball, location: 2F 0-2: Ball 1-2: Strikes out swinging
|
|
Batting: SHB Lance Franklin
|
0-0: Ball 1-0: SINGLE (Groundball, 25, EV 68.8 MPH) (infield hit)
|
|
Batting: LHB Brad Turner
|
0-0: SINGLE (Flyball, 6MD, EV 97.5 MPH) Lance Franklin to second Runner from 2nd tries for 3rd, SAFE, throw by CF made to third
|
|
Batting: RHB Chef Belew
|
0-0: Ball 1-0: Foul Ball, location: 2F 1-1: SINGLE (Line Drive, 9S, EV 104.4 MPH) Lance Franklin scores Brad Turner to second
|
|
Batting: LHB Ryan Trombley
|
0-0: Called Strike 0-1: Ball 1-1: Ball 2-1: Ball 3-1: Ground out 6-3 (Groundball, 6M, EV 96.2 MPH)
|
| Bottom of the 1st over - 1 run, 3 hits, 0 errors, 2 left on base; Chicago 2 - Philadelphia 1 |
| TOP OF THE 2ND |
|
Chicago Cubs batting - Pitching for Philadelphia Phillies : RHP David LaBounty
|
|
Batting: RHB Xavier Davis
|
0-0: Ball 1-0: Ball 2-0: Called Strike 2-1: Ball 3-1: Base on Balls
|
|
Batting: RHB Jose Balderrama
|
0-0: Ball 1-0: Ball 2-0: Ball 3-0: Called Strike 3-1: Base on Balls Xavier Davis to second
|
|
Batting: LHB Mark Ingram
|
0-0: Foul Ball, location: 2F 0-1: Ball 1-1: Fly out, F8 (Line Drive, 8RD, EV 92.5 MPH)
|
|
Batting: LHB Jon Schick
|
0-0: Called Strike 0-1: Foul Ball, location: 2F 0-2: Ball 1-2: Ball 2-2: Foul Ball, location: 2F 2-2: Ball 3-2: Base on Balls Xavier Davis to third Jose Balderrama to second
|
|
Batting: SHB Zory Larikov
|
0-0: Foul Ball, location: 2F 0-1: Ball 1-1: Swinging Strike 1-2: Foul Ball, location: 2F 1-2: Ball 2-2: Foul Ball, location: 2F 2-2: Foul Ball, location: 2F 2-2: Ball 3-2: Strikes out looking
|
|
Batting: RHB Steve Bartman Jr.
|
0-0: GRAND SLAM HOME RUN (Flyball, 7LD, EV 99.4 MPH), Distance : 372 ft
|
|
Batting: SHB Karl Starnes
|
0-0: Fly out, F7 (Flyball, 7, EV 87.5 MPH)
|
| Top of the 2nd over - 4 runs, 1 hit, 0 errors, 0 left on base; Chicago 6 - Philadelphia 1 |
| BOTTOM OF THE 2ND |
|
Philadelphia Phillies batting - Pitching for Chicago Cubs : RHP Edwin Rivera
|
|
Batting: SHB Phuck II
|
0-0: Ball 1-0: Ground out 4-3 (Groundball, 4, EV 107.5 MPH)
|
|
Batting: RHB Guan-pei Gao
|
0-0: Called Strike 0-1: Foul Ball, location: 2F 0-2: Ball 1-2: Foul Ball, location: 2F 1-2: Strikes out swinging
|
|
Batting: LHB Chris Moody
|
0-0: Ball 1-0: Ball 2-0: Called Strike 2-1: Ground out 4-3 (Groundball, 4, EV 83.1 MPH)
|
| Bottom of the 2nd over - 0 runs, 0 hits, 0 errors, 0 left on base; Chicago 6 - Philadelphia 1 |
| TOP OF THE 3RD |
|
Chicago Cubs batting - Pitching for Philadelphia Phillies : RHP David LaBounty
|
|
Batting: LHB Kevin Norton
|
0-0: Ball 1-0: Ball 2-0: Foul Ball, location: 2F 2-1: Fly out, F6 (Flyball, 56D, EV 83.8 MPH)
|
|
Batting: SHB Moe Lester
|
0-0: Called Strike 0-1: Foul Ball, location: 2F 0-2: Ball 1-2: Foul Ball, location: 2F 1-2: Ball 2-2: Ball 3-2: Base on Balls
|
|
Pitching: RHP Andy Burchfield
|
|
|
Batting: RHB Xavier Davis
|
0-0: Ball 1-0: 2-RUN HOME RUN (Flyball, 7D, EV 103.1 MPH), Distance : 398 ft
|
|
Batting: RHB Jose Balderrama
|
0-0: Ball 1-0: Ground out 5-3 (Groundball, 56S, EV 71.2 MPH)
|
|
Batting: LHB Mark Ingram
|
0-0: Fly out, F3 (Popup, 34, EV 53.8 MPH)
|
| Top of the 3rd over - 2 runs, 1 hit, 0 errors, 0 left on base; Chicago 8 - Philadelphia 1 |
| BOTTOM OF THE 3RD |
|
Philadelphia Phillies batting - Pitching for Chicago Cubs : RHP Edwin Rivera
|
|
Batting: LHB Nick Canizales
|
0-0: Ball 1-0: Ball 2-0: Ball 3-0: Called Strike 3-1: Base on Balls
|
|
Batting: LHB Cody Schumacher
|
0-0: Ball 1-0: Ball 2-0: Fielders Choice at 2nd, 4-6 (Groundball, 34, EV 106.2 MPH)
|
|
Batting: SHB Lance Franklin
|
0-0: Foul Ball, location: 2F 0-1: Swinging Strike 0-2: Foul Ball, location: 2F 0-2: Strikes out swinging
|
|
Batting: LHB Brad Turner
|
0-0: Ball 1-0: Swinging Strike 1-1: Foul Ball, location: 2F 1-2: Strikes out swinging
|
| Bottom of the 3rd over - 0 runs, 0 hits, 0 errors, 1 left on base; Chicago 8 - Philadelphia 1 |
| TOP OF THE 4TH |
|
Chicago Cubs batting - Pitching for Philadelphia Phillies : RHP Andy Burchfield
|
|
Batting: LHB Jon Schick
|
0-0: Swinging Strike 0-1: Swinging Strike 0-2: SINGLE (Groundball, 4MS, EV 66.9 MPH) (infield hit)
|
|
Pinch Hitting: RHB Adam Kelliher
|
0-0: Foul Ball, location: 2F 0-1: Swinging Strike 0-2: Ball 1-2: Ball 2-2: SINGLE (Groundball, 6MD, EV 108.8 MPH) Jon Schick to second
|
|
Batting: RHB Steve Bartman Jr.
|
0-0: Called Strike 0-1: Ball 1-1: Fielders Choice at 2nd, 3-6 (Groundball, 34S, EV 86.9 MPH) Jon Schick to third
|
|
Batting: SHB Karl Starnes
|
0-0: Called Strike 0-1: Called Strike Steve Bartman Jr. steals 2nd base 0-2: Foul Ball, location: 2F 0-2: Strikes out swinging
|
|
Pinch Hitting: RHB Brian Gargis
|
0-0: Ball 1-0: Ball 2-0: Ball 3-0: Called Strike 3-1: Base on Balls
|
|
Batting: SHB Moe Lester
|
0-0: Ball 1-0: Foul Ball, location: 2F 1-1: Ball 2-1: Foul Ball, location: 2F 2-2: Foul Ball, location: 2F 2-2: Foul Ball, location: 2F 2-2: Strikes out swinging
|
| Top of the 4th over - 0 runs, 2 hits, 0 errors, 3 left on base; Chicago 8 - Philadelphia 1 |
| BOTTOM OF THE 4TH |
|
Philadelphia Phillies batting - Pitching for Chicago Cubs : RHP Edwin Rivera
|
|
Now at 3B: Adam Kelliher
|
|
|
Now in CF: Brian Gargis
|
|
|
Batting: RHB Chef Belew
|
0-0: Ball 1-0: Ball 2-0: Fly out, F8 (Flyball, 8RD, EV 96.2 MPH)
|
|
Batting: LHB Ryan Trombley
|
0-0: Called Strike 0-1: Foul Ball, location: 2F 0-2: Ball 1-2: Foul Ball, location: 2F 1-2: Ball 2-2: Foul Ball, location: 2F 2-2: Ball 3-2: Strikes out swinging
|
|
Batting: SHB Phuck II
|
0-0: Ball 1-0: Ball 2-0: Swinging Strike 2-1: Foul Ball, location: 2F 2-2: Ball 3-2: Ground out 4-3 (Groundball, 34, EV 103.8 MPH)
|
| Bottom of the 4th over - 0 runs, 0 hits, 0 errors, 0 left on base; Chicago 8 - Philadelphia 1 |
| TOP OF THE 5TH |
|
Chicago Cubs batting - Pitching for Philadelphia Phillies : RHP Andy Burchfield
|
|
Pitching: LHP Ignacio Amaya
|
|
|
Pinch Hitting: SHB Gabriel Cruz
|
0-0: Ball 1-0: Called Strike 1-1: Called Strike 1-2: Foul Ball, location: 2F 1-2: Strikes out swinging
|
|
Batting: RHB Jose Balderrama
|
0-0: Ball 1-0: Ball 2-0: Ball 3-0: Base on Balls
|
|
Batting: LHB Mark Ingram
|
0-0: Called Strike 0-1: Ball 1-1: Ball Jose Balderrama is caught stealing 2nd base 2-6 2-1: Ball 3-1: Foul Ball, location: 2F 3-2: SINGLE (Line Drive, 4M, EV 105.0 MPH)
|
|
Batting: LHB Jon Schick
|
0-0: Swinging Strike 0-1: Foul Ball, location: 2F 0-2: Foul Ball, location: 2F 0-2: Foul Ball, location: 2F 0-2: Foul Ball, location: 2F 0-2: Fly out, F8 (Flyball, 8RD, EV 91.2 MPH)
|
| Top of the 5th over - 0 runs, 1 hit, 0 errors, 1 left on base; Chicago 8 - Philadelphia 1 |
| BOTTOM OF THE 5TH |
|
Philadelphia Phillies batting - Pitching for Chicago Cubs : RHP Edwin Rivera
|
|
Now at SS: Gabriel Cruz
|
|
|
Now in LF: Heef Harted
|
|
|
Now in RF: Moe Lester
|
|
|
Batting: RHB Guan-pei Gao
|
0-0: Ground out 5-3 (Groundball, 56, EV 95.6 MPH)
|
|
Batting: LHB Chris Moody
|
0-0: Fly out, F8 (Line Drive, 78D, EV 93.8 MPH)
|
|
Batting: LHB Nick Canizales
|
0-0: Ball 1-0: Swinging Strike 1-1: Called Strike 1-2: Ball 2-2: Ball 3-2: Base on Balls
|
|
Batting: LHB Cody Schumacher
|
0-0: Called Strike 0-1: Called Strike 0-2: Ball 1-2: Ball 2-2: Foul Ball, location: 2F 2-2: Reached on error, E4 (Groundball, 4S, EV 85.6 MPH) Nick Canizales to second
|
|
Pitching: RHP Randy Budgell
|
|
|
Batting: SHB Lance Franklin
|
0-0: Called Strike 0-1: SINGLE (Line Drive, 4D, EV 98.1 MPH) Nick Canizales to third Cody Schumacher to second Runner from 3rd tries for Home, SAFE, throw by CF to home
|
|
Batting: LHB Osamu Kubo
|
0-0: Ground out 1-3 (Groundball, 13S, EV 70.6 MPH)
|
| Bottom of the 5th over - 1 run, 1 hit, 1 error, 2 left on base; Chicago 8 - Philadelphia 2 |
| TOP OF THE 6TH |
|
Chicago Cubs batting - Pitching for Philadelphia Phillies : LHP Ignacio Amaya
|
|
Pitching: RHP Victor Hurtado
|
|
|
Now at 1B: Quintin Parker
|
|
|
Now at 3B: Jim Beaver
|
|
|
Now in LF: Moritake Fukumoto
|
|
|
Now in CF: Chris Moody
|
|
|
Batting: RHB Adam Kelliher
|
0-0: Ball 1-0: Called Strike 1-1: Foul Ball, location: 2F 1-2: Strikes out swinging
|
|
Pinch Hitting: SHB Seung-ho Zhang
|
0-0: Ball 1-0: Called Strike 1-1: Swinging Strike 1-2: Ball 2-2: DOUBLE (Flyball, 8RD, EV 96.9 MPH)
|
|
Pinch Hitting: RHB Alan Oxenrider
|
0-0: Foul Ball, location: 2F 0-1: Fly out, F7 (Flyball, 7LS, EV 93.8 MPH)
|
|
Batting: RHB Brian Gargis
|
0-0: Foul Ball, location: 2F 0-1: Ball 1-1: Fly out, F8 (Line Drive, 8RM, EV 100.6 MPH)
|
| Top of the 6th over - 0 runs, 1 hit, 0 errors, 1 left on base; Chicago 8 - Philadelphia 2 |
| BOTTOM OF THE 6TH |
|
Philadelphia Phillies batting - Pitching for Chicago Cubs : RHP Randy Budgell
|
|
Pitching: RHP Josh Ready
|
|
|
Now at 1B: Alan Oxenrider
|
|
|
Now at 2B: Heef Harted
|
|
|
Now in LF: Seung-ho Zhang
|
|
|
Now in RF: Barend van der Kamp
|
|
|
Batting: RHB Chef Belew
|
0-0: Ball 1-0: Ball 2-0: Ball 3-0: Called Strike 3-1: Foul Ball, location: 2F 3-2: Foul Ball, location: 2F 3-2: Strikes out swinging
|
|
Pinch Hitting: LHB Mike Davis
|
0-0: Ball 1-0: Foul Ball, location: 2F 1-1: Foul Ball, location: 2F 1-2: Strikes out swinging
|
|
Batting: RHB Quintin Parker
|
0-0: Ball 1-0: Called Strike 1-1: Ball 2-1: Foul Ball, location: 2F 2-2: Ball 3-2: Base on Balls
|
|
Batting: LHB Jim Beaver
|
0-0: Ball 1-0: Called Strike 1-1: Ground out 6-3 (Groundball, 6S, EV 90.6 MPH)
|
| Bottom of the 6th over - 0 runs, 0 hits, 0 errors, 1 left on base; Chicago 8 - Philadelphia 2 |
| TOP OF THE 7TH |
|
Chicago Cubs batting - Pitching for Philadelphia Phillies : RHP Victor Hurtado
|
|
Pitching: RHP Omar Orosco
|
|
|
Now at 2B: Chris Myers
|
|
|
Now at SS: Benjamin Brown
|
|
|
Now in RF: Mike Davis
|
|
|
Batting: LHB Barend van der Kamp
|
0-0: Called Strike 0-1: Foul Ball, location: 2F 0-2: Foul Ball, location: 2F 0-2: Foul Ball, location: 2F 0-2: Ball 1-2: Strikes out swinging
|
|
Batting: SHB Gabriel Cruz
|
0-0: Called Strike 0-1: Ball 1-1: Ball 2-1: Foul Ball, location: 2F 2-2: Foul Ball, location: 2F 2-2: Foul Ball, location: 2F 2-2: SINGLE (Groundball, 25, EV 63.8 MPH) (infield hit)
|
|
Batting: RHB Francisco Ramirez
|
0-0: Foul Ball, location: 2F 0-1: Ball 1-1: Foul Ball, location: 2F 1-2: Grounds into double play, 6-4-3 (Groundball, 6MD, EV 106.9 MPH)
|
| Top of the 7th over - 0 runs, 1 hit, 0 errors, 0 left on base; Chicago 8 - Philadelphia 2 |
| BOTTOM OF THE 7TH |
|
Philadelphia Phillies batting - Pitching for Chicago Cubs : RHP Josh Ready
|
|
Pinch Hitting: LHB Danny Hill
|
0-0: Foul Ball, location: 2F 0-1: Ball 1-1: Ball 2-1: Foul Ball, location: 2F 2-2: Ball 3-2: Base on Balls
|
|
Batting: SHB Benjamin Brown
|
0-0: Called Strike Pickoff Throw to First - Out! 1-3 0-1: Ball 1-1: Ball 2-1: Called Strike 2-2: Fly out, F8 (Line Drive, 8LM, EV 92.5 MPH)
|
|
Batting: RHB Moritake Fukumoto
|
0-0: Foul Ball, location: 2F 0-1: Foul Ball, location: 2F 0-2: Ball 1-2: Fly out, F7 (Flyball, 7S, EV 90.6 MPH)
|
| Bottom of the 7th over - 0 runs, 0 hits, 0 errors, 0 left on base; Chicago 8 - Philadelphia 2 |
| TOP OF THE 8TH |
|
Chicago Cubs batting - Pitching for Philadelphia Phillies : RHP Omar Orosco
|
|
Pitching: RHP Jeremy Mitchem
|
|
|
Now in CF: Danny Hill
|
|
|
Batting: LHB Mark Ingram
|
0-0: Swinging Strike 0-1: Foul Ball, location: 2F 0-2: Foul Ball, location: 2F 0-2: Ball 1-2: Strikes out swinging
|
|
Batting: RHB Heef Harted
|
0-0: Ball 1-0: Foul Ball, location: 2F 1-1: Reached via error on a dropped throw from 1B, E1 (Groundball, 34, EV 78.1 MPH)
|
|
Batting: RHB Adam Kelliher
|
0-0: Swinging Strike 0-1: Swinging Strike 0-2: Ball 1-2: Strikes out swinging
|
|
Batting: SHB Seung-ho Zhang
|
0-0: Ball Heef Harted steals 2nd base 1-0: Fly out, F7 (Flyball, 7, EV 95.6 MPH)
|
| Top of the 8th over - 0 runs, 0 hits, 1 error, 1 left on base; Chicago 8 - Philadelphia 2 |
| BOTTOM OF THE 8TH |
|
Philadelphia Phillies batting - Pitching for Chicago Cubs : RHP Josh Ready
|
|
Pitching: RHP Steve DiDomenico
|
|
|
Batting: RHB Chris Myers
|
0-0: Called Strike 0-1: Ball 1-1: DOUBLE (Flyball, 89XD, EV 98.8 MPH)
|
|
Batting: LHB Osamu Kubo
|
0-0: Called Strike 0-1: Ball 1-1: Foul Ball, location: 2F 1-2: Fly out, F5 (Popup, 5SF, EV 79.4 MPH)
|
|
Batting: RHB Chef Belew
|
0-0: Ground out 4-3 (Groundball, 4, EV 90.0 MPH) Chris Myers to third
|
|
Batting: LHB Mike Davis
|
0-0: Ball 1-0: Foul Ball, location: 2F 1-1: Foul Ball, location: 2F 1-2: Ball 2-2: Ball 3-2: 2-RUN HOME RUN (Line Drive, 89XD, EV 115.0 MPH), Distance : 460 ft
|
|
Batting: RHB Quintin Parker
|
0-0: Ball 1-0: Ball 2-0: Ground out U3 (Groundball, 34S, EV 71.9 MPH)
|
| Bottom of the 8th over - 2 runs, 2 hits, 0 errors, 0 left on base; Chicago 8 - Philadelphia 4 |
| TOP OF THE 9TH |
|
Chicago Cubs batting - Pitching for Philadelphia Phillies : RHP Jeremy Mitchem
|
|
Pitching: RHP Marcos Tapia
|
|
|
Batting: RHB Alan Oxenrider
|
0-0: Called Strike 0-1: Called Strike 0-2: Foul Ball, location: 2F 0-2: Foul Ball, location: 2F 0-2: Ground out 4-3 (Groundball, 13, EV 77.5 MPH)
|
|
Batting: RHB Brian Gargis
|
0-0: Ball 1-0: Ball 2-0: Called Strike 2-1: Ball 3-1: Called Strike 3-2: Base on Balls
|
|
Batting: LHB Barend van der Kamp
|
0-0: Called Strike 0-1: Ball 1-1: Foul Ball, location: 2F 1-2: Fielders Choice at 2nd, 1-6 (Groundball, 34S, EV 70.0 MPH)
|
|
Batting: SHB Gabriel Cruz
|
0-0: Ball 1-0: Ball Barend van der Kamp steals 2nd base 2-0: Foul Ball, location: 2F 2-1: Foul Ball, location: 2F 2-2: Foul Ball, location: 2F 2-2: Ground out 5-3 (Groundball, 56, EV 107.5 MPH)
|
| Top of the 9th over - 0 runs, 0 hits, 0 errors, 1 left on base; Chicago 8 - Philadelphia 4 |
| BOTTOM OF THE 9TH |
|
Philadelphia Phillies batting - Pitching for Chicago Cubs : RHP Steve DiDomenico
|
|
Pitching: LHP Mike Alexander
|
|
|
Batting: LHB Jim Beaver
|
0-0: Foul Ball, location: 2F 0-1: Foul Ball, location: 2F 0-2: Fly out, F9 (Flyball, 9, EV 81.2 MPH)
|
|
Batting: LHB Danny Hill
|
0-0: Swinging Strike 0-1: Foul Ball, location: 2F 0-2: Ball 1-2: Strikes out looking
|
|
Batting: SHB Benjamin Brown
|
0-0: SINGLE (Groundball, 6MD, EV 95.6 MPH)
|
|
Batting: RHB Moritake Fukumoto
|
0-0: Foul Ball, location: 2F 0-1: Called Strike 0-2: Ball 1-2: Ball 2-2: Foul Ball, location: 2F 2-2: Ball 3-2: Base on Balls Benjamin Brown to second
|
|
Batting: RHB Chris Myers
|
0-0: Called Strike 0-1: Called Strike 0-2: Hit by Pitch Benjamin Brown to third Moritake Fukumoto to second
|
|
Batting: RHB Carlos Morejon
|
0-0: Ball 1-0: Swinging Strike 1-1: Ball 2-1: Foul Ball, location: 2F 2-2: Strikes out looking
|
| Bottom of the 9th over - 0 runs, 1 hit, 0 errors, 3 left on base; Chicago 8 - Philadelphia 4 |
|